 Dungeon Crawl Stone Soup version 0.22.1-2-g9c5b331383 (webtiles) character file.

100 McIrco the Covered (level 4, -3/35 HPs)
             Began as a Demonspawn Fighter on Jan 6, 2019.
             Slain by a worker ant (6 damage)
             ... on level 4 of the Dungeon.
             The game lasted 00:02:08 (1308 turns).

McIrco the Covered (Demonspawn Fighter)             Turns: 1308, Time: 00:02:08

Health: -3/35      AC:  6    Str: 15 (17) XL:     4   Next: 47%
Magic:  4/4        EV:  5    Int:  8 (9)  God:
Gold:   26         SH: 13    Dex: 12 (13) Spells: 3/3 levels left

rFire    . . .     SeeInvis .   a - +0 long sword
rCold    . . .     Gourm    .   h - +0 large shield
rNeg     . . .     Faith    .   b - +0 scale mail
rPois    .         Spirit   .   (no helmet)
rElec    .         Reflect  .   (no cloak)
rCorr    .         Harm     .   (no gloves)
MR       .....                  (no boots)
Stlth    ..........             (no amulet)
HPRegen  0.11/turn              (no ring)
MPRegen  0.09/turn              (no ring)

@: no status effects
A: powered by pain 2
a: no special abilities


You were on level 4 of the Dungeon.
You were hungry.

You visited 1 branch of the dungeon, and saw 4 of its levels.

You collected 26 gold pieces.

Inventory:

Hand Weapons
 a - a +0 long sword (weapon)
Armour
 b - a +0 scale mail (worn)
 c - a +0 shield
 h - a +0 large shield (worn)
Scrolls
 g - a scroll of immolation {unknown}
 i - a scroll of amnesia {unknown}
 j - 2 scrolls of identify {unknown}
 m - a scroll of fog {unknown}
 n - 3 scrolls of teleportation {unknown}
 o - a scroll of remove curse {unknown}
Potions
 d - a potion of might
 l - a potion of resistance {unknown}
Comestibles
 f - 3 rations


   Skills:
 + Level 3.4 Fighting
 + Level 2.3 Long Blades
 * Level 3.4 Armour
 * Level 1.0 Dodging
 * Level 3.3 Shields


You had 3 spell levels left.
You didn't know any spells.
Your spell library was empty.

Dungeon Overview and Level Annotations

Branches:
Dungeon (4/15)
 Temple: D:4-7

Altars:
Zin


Innate Abilities, Weirdness & Mutations

You sometimes gain power by taking damage.


Message History

You feel sick. The worker ant bites you.
* * * LOW HITPOINT WARNING * * *
Your shield prevents you from hitting the worker ant.
The worker ant is heavily wounded.
* * * LOW HITPOINT WARNING * * *
You feel sick.
The worker ant bites you but does no damage. x2
Your shield and scale mail prevent you from hitting the worker ant.
The worker ant is heavily wounded.
* * * LOW HITPOINT WARNING * * *
You feel sick.
The worker ant bites you but does no damage.
You block the worker ant's attack.
It was a potion of curing.
You feel better. The worker ant bites you.
* * * LOW HITPOINT WARNING * * *
It was a potion of degeneration.
There was something very wrong with that liquid.
You feel weakened.
You feel dopey.
You feel clumsy. The worker ant bites you.
You die...

#.# #..#> #./#
#.##### ###.# #..#
#.....# #.# #..#
#####.# #.#
##..########.# #.#
............## #.#
#..#######...####.#
#.a# #.........
#.@# #####...####.#
#..###...#..##....#
#............#.####
#.####...##..#.####
#. ##............
#. #.###..#.#### ?.
#.# #..#.# ## #.#
#..#.# #.#
#..#.####


You could see a worker ant.

Vanquished Creatures
  A hound (D:4)
  A worker ant (D:4)
  2 adders
  An adder skeleton (D:4)
  A worm (D:3)
  3 leopard geckos
  An orc (D:4)
  A giant cockroach (D:3)
  2 goblins (D:3)
  A hobgoblin (D:3)
  A quokka (D:3)
  2 bats (D:3)
  2 frilled lizards (D:3)
  A kobold (D:3)
  2 rats
22 creatures vanquished.

Notes
Turn   | Place    | Note
-------+----------+-------------------------------------------
     0 | D:1      | McIrco the Demonspawn Fighter began the quest for the Orb.
     0 | D:1      | Reached XP level 1. HP: 18/18 MP: 1/1
    19 | D:1      | You fall through a shaft!
    50 | D:2      | Gained mutation: You sometimes gain a little power by
                  | taking damage. [demonic ancestry]
    50 | D:2      | Reached XP level 2. HP: 7/24 MP: 2/2
   614 | D:3      | Reached XP level 3. HP: 17/29 MP: 3/3
   745 | D:4      | Found a glowing silver altar of Zin.
  1072 | D:4      | Reached skill level 1 in Dodging
  1072 | D:4      | Gained mutation: You sometimes gain power by taking damage.
                  | [demonic ancestry]
  1072 | D:4      | Reached XP level 4. HP: 19/35 MP: 4/4
  1308 | D:4      | Slain by a worker ant

Skill      XL: |  1  2  3 |
---------------+----------+-----
Armour         | 3 |  3.4
Long Blades    | 2 |  2.3
Shields        | 3 |  3.3
Dodging        | 1 |  1.0
Fighting       | |  3.4

Action                   |  1- 3 |  4- 6 || total
-------------------------+-------+-------++-------
Melee: Long sword        |   121 |    29 ||   150
  Use: Potion            |       |     2 ||     2
  Eat: Chunk             |       |     1 ||     1
Armor: Scale mail        |    46 |    14 ||    60
Dodge: Dodged            |    38 |     1 ||    39
Block: Shield            |    36 |       ||    36
       Large shield      |    37 |    23 ||    60
       Rpst.: Long sword |    12 |       ||    12
